 Dungeon Crawl Stone Soup version 0.27-a0-1200-g94dc6ad4cf (console) character file.

Game seed: 17379018272273987433

118 Hector the Skirmisher (level 5, -2/42 HPs)
             Began as a Djinni Abyssal Knight on May 31, 2021.
             Was a Believer of Lugonu.
             Slain by a phantom (7 damage)
             ... on level 3 of the Dungeon.
             The game lasted 00:07:30 (3266 turns).

Hector the Skirmisher (Djinni Abyssal Knight)       Turns: 3266, Time: 00:07:30

Health: -2/42      AC:  3    Str: 11    XL:     5   Next: 23%
Gold:   138        EV: 12    Int: 15    God:    Lugonu [**....] SH:  0 Dex: 12

rFire    + + .     SeeInvis .   a - +1 hand axe
rCold    x . .     Faith    .   (no shield)
rNeg     . . .     Spirit   .   b - +0 leather armour
rPois    ∞         Reflect  .   (no helmet)
rElec    .         Harm     .   (no cloak)
rCorr    .         Rampage  .   (no gloves)
Will     .....                  (boots unavailable)
Stlth    +.........             (no amulet)
HPRegen  0.14/turn              (no ring)
MPRegen  0.00/turn              (no ring)

@: flying
A: sickness immunity, fire resistance 2, cold vulnerability 1, float, innate
caster, hp casting, extra vitality 1
a: Renounce Religion, Depart the Abyss, Bend Space


You were on level 3 of the Dungeon.
You worshipped Lugonu.
Lugonu was pleased with you.
You visited 1 branch of the dungeon, and saw 4 of its levels.
You visited the Abyss 1 time.

You collected 138 gold pieces.

Inventory:

Hand Weapons
 a - a +1 hand axe (weapon)
 l - a +2 hunting sling of freezing
Missiles
 c - 52 stones (quivered)
 n - 5 boomerangs
Armour
 b - a +0 leather armour (worn)
Magical Staves
 d - a staff of cold
Jewellery
 m - an amulet of faith
Scrolls
 e - a scroll of enchant armour {unknown}
 f - 2 scrolls of enchant weapon {unknown}
 g - 2 scrolls of identify {unknown}
 i - a scroll of vulnerability {unknown}
 j - a scroll of fear {unknown}
Potions
 h - a potion of degeneration {unknown}
 k - a potion of mutation {unknown}


   Skills:
 * Level 4.9 Fighting
 - Level 1.5 Axes
 - Level 1.0 Armour
 + Level 2.9 Dodging
 * Level 1.0 Spellcasting
 - Level 1.7 Invocations


You had 3 spell levels left.
You knew the following spells:

 Your Spells              Type           Power      Damage    Failure   Level
a - Corona                Hex            4%         N/A       21%         1
b - Slow                  Hex            4%         N/A       30%         2
Your spell library was empty.

Dungeon Overview and Level Annotations

Branches:
Dungeon (4/15)
 Temple: D:4-7

Altars:
Makhleb
Nemelex Xobeh
Ru

Shops:
D:1 =


Innate Abilities, Weirdness & Mutations

You are immune to sickness and miasma.
You are immune to poison.
Your flesh is very heat resistant. (rF++)
You are vulnerable to cold. (rC-)
You float through the air rather than walking.
You learn spells naturally, not from books.
Your magical power is your life essence.
You have superior vitality. (+4 HP)


Message History

You hit the phantom but do no damage.
The phantom is lightly damaged.
The phantom hits you. x2
You closely miss the phantom.
The phantom is lightly damaged.
The phantom hits you!
You are too injured to fight recklessly!
You are too injured to fight recklessly!
You are too injured to fight recklessly!
You are too injured to fight recklessly!
You barely miss the phantom.
The phantom is lightly damaged.
The phantom barely misses you.
You completely miss the phantom.
The phantom is lightly damaged.
The phantom hits you.
You are too injured to fight recklessly!
You closely miss the phantom.
The phantom is lightly damaged.
The phantom hits you.
The phantom blinks!
You blink.
An iguana comes into view.
The iguana hisses angrily.
There is an escape hatch in the ceiling here.
The phantom hits you!
* * * LOW HITPOINT WARNING * * *
A mysterious force pulls you upwards. The hatch slams shut behind you.
You hit the phantom.
The phantom is lightly damaged.
The phantom hits you.
* * * LOW HITPOINT WARNING * * *
The phantom blinks!
You blink.
You hit the phantom.
The phantom is moderately damaged.
The phantom misses you.
You hit the phantom.
The phantom is moderately damaged.
The phantom hits you.
* * * LOW HITPOINT WARNING * * *
The phantom hits you!
You die...

.# #[.# #.......##.#<# .#
#..###.#####.##.#.# .#
#.#...## #.##...#
########.##### #.###..#
.....)...# #######......#
##...##..# #.^...#####.##
#...##..####.....# #.#
#.............§..# #.#
#....#..#..#...@.# ##.##
##....#..#..#..W..# #...#
.........#..####### #..##
####..#..........# #.##
#..#).#...###.# #.#
###.........# #.# #.#
##.......##..###.# #.#
.#.####..##......#####.###
.#.####..................#


You could see a phantom.

Vanquished Creatures
  Jessica (D:3)
  An adder (D:2)
  A worm (D:3)
  2 dart slugs
  2 orcs (D:3)
  10 ball pythons
  10 endoplasms
  3 giant cockroaches
  6 goblins
  A hobgoblin (D:3)
  5 jackals (D:1)
  2 quokkas
  7 bats
  5 frilled lizards
  7 kobolds
  8 rats
71 creatures vanquished.

Notes
Turn   | Place    | Note
-------+----------+-------------------------------------------
     0 | Abyss:1  | Hector the Djinni Abyssal Knight began the quest for the
                  | Orb.
     0 | Abyss:1  | Reached XP level 1. HP: 20/20 MP: 0/0
    16 | D:1      | Escaped the Abyss
   151 | D:1      | Reached XP level 2. HP: 21/25 MP: 0/0
   499 | D:1      | Reached XP level 3. HP: 28/31 MP: 0/0
   499 | D:1      | Learned a level 1 spell: Corona
   655 | D:1      | Reached ** piety under Lugonu
   952 | D:1      | Reached skill level 4 in Fighting
  1189 | D:1      | Found Wyahogos's Jewellery Shop.
  1336 | D:2      | Reached XP level 4. HP: 26/37 MP: 0/0
  1454 | D:2      | Identified Vehumet's Compendium of Arcane Weapons
  1893 | D:3      | Noticed Jessica
  1899 | D:3      | Killed Jessica
  1900 | D:3      | Reached skill level 1 in Spellcasting
  2123 | D:3      | Found a faded altar of an unknown god.
  2141 | D:3      | Reached XP level 5. HP: 41/42 MP: 0/0
  2141 | D:3      | Learned a level 2 spell: Slow
  2187 | D:3      | Found a burning altar of Makhleb.
  2189 | D:3      | Found a sparkling altar of Nemelex Xobeh.
  2189 | D:3      | Found a sacrificial altar of Ru.
  3244 | D:4      | Noticed a phantom
  3266 | D:3      | Slain by a phantom

Illustrated notes

Levels and vault maps discovered:
D:1:      tarquinn_simple_flora_water_a, layout_basic, serial_shops, shop
D:2:      layout_rooms
D:3:      layout_loops_cross, chequers_temple_overflow_statue_of_worship,
          hellmonk_ecumenical_altar_pennies_from_heaven, uniq_jessica
D:4:      layout_loops_ring, minmay_temple_entry_ruins

Skill      XL: |  1  2  3  4 |
---------------+-------------+-----
Fighting       | 4 |  4.9
Spellcasting   | 1 |  1.0
Axes           | |  1.5
Armour         | |  1.0
Dodging        | |  2.9
Invocations    | |  1.7

Action                   |  1- 3 |  4- 6 || total
-------------------------+-------+-------++-------
Melee: Hand axe          |   111 |   132 ||   243
Throw: Stone             |    55 |     6 ||    61
 Stab: Sleeping          |     1 |     1 ||     2
Armor: Leather armour    |    30 |    23 ||    53
Dodge: Dodged            |    84 |    73 ||   157

Table legend: (Time is in decaauts)
 A = Elapsed time spent in this place.
 B = Non-inter-level travel time spent in this place.
 C = Inter-level travel time spent in this place.
 D = Time resting spent in this place.
 E = Time spent auto-exploring this place.
 F = Levels seen in this place.
 G = Mean time per level.
                   A        B        C        D        E       F      G
               +--------+--------+--------+--------+--------+-----+--------+
         Total |   3331 |   3029 |    302 |      0 |   2335 |   5 |  666.2 |
       Dungeon |   3315 |   3013 |    302 |      0 |   2325 |   4 |  828.8 |
         Abyss |     16 |     16 |      0 |      0 |     10 |   1 |   16.0 |
               +--------+--------+--------+--------+--------+-----+--------+

Top non-repeatable levels by time:
     D:3: 1301 daAuts
     D:1: 1282 daAuts
     D:2: 685 daAuts
     D:4: 45 daAuts
 Abyss:1: 16 daAuts
